 Dungeon Crawl Stone Soup version 0.29.1-15-g9cfb28693d (webtiles) character file.

Game seed: 15023396656728379661

1211 Descartes the Blocker (level 8, -6/62 HPs)
             Began as a Formicid Fighter on Apr 8, 2023.
             Was an Initiate of Gozag.
             Mangled by an ogre
             ... wielding a +0 giant club
              (29 damage)
             ... on level 5 of the Dungeon.
             The game lasted 00:07:07 (7151 turns).

Descartes the Blocker (Formicid Fighter)            Turns: 7151, Time: 00:07:07

Health: -6/62      AC:  9    Str: 23    XL:     8   Next: 74%
Magic:  8/8        EV: 10    Int:  8    God:    Gozag
Gold:   241        SH:  6    Dex: 13    Spells: 7/7 levels left

rFire   . . .      SeeInvis +   v - +0 morningstar (venom)
rCold   . . .      Faith    .   c - +0 buckler
rNeg    . . .      Spirit   .   z - +0 troll leather armour {Pargi}
rPois   .          Reflect  .   (helmet unavailable)
rElec   .          Harm     .   (no cloak)
rCorr   .          Rampage  .   y - +0 pair of gloves
Will    .....                   B - +2 pair of boots
Stlth   +.........              (no amulet)
HPRegen 1.00/turn               (no ring)
MPRegen 0.11/turn               (no ring)

@: no status effects
A: permanent stasis, dig shafts and tunnels, antennae 3, four strong arms
a: Dig, Shaft Self, Renounce Religion, Potion Petition, Call Merchant, Bribe
Branch


You were on level 5 of the Dungeon.
You worshipped Gozag.
Gozag was aware of your devotion.
You visited 2 branches of the dungeon, and saw 6 of its levels.

You collected 342 gold pieces.
You paid 101 gold pieces to Gozag.

Inventory:

Hand Weapons
 a - a +0 war axe
 b - a +3 whip of flaming
 v - a +0 morningstar of venom (weapon)
Missiles
 k - 8 poisoned darts
 t - 4 boomerangs
Armour
 c - a +0 buckler (worn)
 y - a +0 pair of gloves (worn)
 z - a +0 troll leather armour (worn) {Pargi}
 B - a +2 pair of boots (worn)
Wands
 A - a wand of mindburst (15)
Scrolls
 e - 2 scrolls of immolation {unknown}
 i - 6 scrolls of identify {unknown}
 j - 2 scrolls of vulnerability {unknown}
 l - 3 scrolls of fear {unknown}
 m - 2 scrolls of fog {unknown}
 o - 2 scrolls of blinking {unknown}
 p - a scroll of poison {unknown}
 q - a scroll of torment {unknown}
 r - a scroll of summoning {unknown}
 s - 2 scrolls of enchant weapon {unknown}
 x - a scroll of noise {unknown}
Potions
 d - 2 potions of might
 f - 3 potions of curing
 g - a potion of lignification {unknown}
 h - 3 potions of brilliance
 n - a potion of degeneration {unknown}
 u - 2 potions of haste {unknown}


   Skills:
 - Level 5.0 Fighting
 + Level 5.6 Axes
 + Level 0.0(3.4) Maces & Flails
 + Level 6.7 Armour
 + Level 8.0 Shields


You had 7 spell levels left.
You didn't know any spells.
Your spell library contained the following spells:

 Spells                   Type           Power      Damage    Failure   Level
 Sting                    Tmut/Pois      0%         1d3       50%         1
 Lesser Beckoning         Tloc           0%         N/A       86%         3
 Manifold Assault         Tloc           0%         N/A       100%        5
 Blink                    Tloc           Unusable   N/A       N/A         2

Dungeon Overview and Level Annotations

Branches:
Dungeon (5/15)             Temple (1/1) D:5

Altars:
Elyvilon
Gozag
Hepliaklqana
Kikubaaqudgha
Okawaru
Qazlal
Ru
Sif Muna
Trog
Uskayaw
Vehumet
Xom
Yredelemnul
Zin


Innate Abilities, Weirdness & Mutations

You cannot be hasted, slowed, berserked, paralysed or teleported.
You can dig through walls and to a lower floor.
You have a pair of large antennae on your head. (SInv)
Your four strong arms can wield two-handed weapons with a shield.


Message History

An ogre is nearby!
There is a stone staircase leading up here.
Found a dagger.
No reachable target in view!
Found a robe.
Found a metallic cyan potion.
Found 15 gold pieces.
You see here a +0 robe.
You completely miss the ogre. The ogre hits you but does no damage.
You hit the ogre.
The ogre is moderately wounded.
You block the ogre's attack.
You barely miss the ogre.
The ogre is moderately wounded.
The ogre hits you with a +0 giant club!
You barely miss the ogre.
The ogre is moderately wounded.
The ogre hits you with a +0 giant club!!
You are too injured to fight recklessly!
You are too injured to fight recklessly!
You are too injured to fight recklessly!
You are too injured to fight recklessly!
You are too injured to fight recklessly!
You are too injured to fight recklessly!
You are too injured to fight recklessly!
You are too injured to fight recklessly!
You are too injured to fight recklessly!
You are too injured to fight recklessly!
You are too injured to fight recklessly!
You are too injured to fight recklessly!
You are too injured to fight recklessly!
You are too injured to fight recklessly!
You are too injured to fight recklessly!
You are too injured to fight recklessly!
Unknown command.
You puncture the ogre!
The ogre is heavily wounded.
The ogre hits you with a +0 giant club!!
You die...
Your body crumbles into a pile of gold.

#..........
###..........
#............
####...<.......
###...####........
##.......##........
##...###...#........
#..O##)##..#.##.....
#..@##....##..#.....
##...######...##....
##...........##.#..
###..........#.... {
...####....#...>...
#........#####..#....
{!##...####....#..#...#
..###.....?...#..#..
$.##.........###..#..


You could see an ogre.

Vanquished Creatures
  Sigmund (D:2)
  Menkaure (D:4)
  Pargi (D:4)
  A black bear (D:4)
  A phantom (D:4)
  A necrophage (D:5)
  A scorpion (D:5)
  A jelly (D:5)
  2 orc priests (D:3)
  2 iguanas (D:4)
  3 orc wizards
  Natasha (thrice) (D:3)
  5 adders
  7 gnolls
  A white imp (D:5)
  An ufetubus (D:4)
  A worm (D:3)
  4 dart slugs
  20 orcs
  6 endoplasms
  A giant cockroach (D:3)
  6 hobgoblins
  8 jackals
  4 quokkas
  7 ball pythons
  5 bats
  4 frilled lizards
  9 goblins
  12 kobolds
  2 rats (D:2)
121 creatures vanquished.

Vanquished Creatures (others)
  An orc wizard (D:3)
1 creature vanquished.

Grand Total: 122 creatures vanquished

Notes
Turn   | Place    | Note
-------+----------+-------------------------------------------
     0 | D:1      | Descartes the Formicid Fighter began the quest for the Orb.
     0 | D:1      | Reached XP level 1. HP: 18/18 MP: 1/1
    25 | D:1      | Reached XP level 2. HP: 20/24 MP: 2/2
   285 | D:1      | Reached XP level 3. HP: 29/29 MP: 3/3
   540 | D:1      | Found a faded altar of an unknown god.
   547 | D:1      | Got Plato's Precepts of Venom
   820 | D:2      | Reached XP level 4. HP: 25/37 MP: 4/4
  1027 | D:2      | Noticed Sigmund
  1037 | D:2      | Killed Sigmund
  1038 | D:2      | Reached skill level 5 in Shields
  1038 | D:2      | Reached XP level 5. HP: 27/43 MP: 5/5
  1038 | D:2      | Reached XP level 6. HP: 31/49 MP: 6/6
  2444 | D:3      | Noticed Natasha
  2455 | D:3      | Killed Natasha
  2950 | D:3      | Reached skill level 5 in Armour
  2950 | D:3      | Reached XP level 7. HP: 15/55 MP: 7/7
  2952 | D:3      | HP: 2/55 [orc priest/+1 mace of protection (6)]
  3226 | D:3      | Reached skill level 6 in Shields
  3366 | D:3      | Reached skill level 5 in Fighting
  3614 | D:3      | Noticed Natasha
  3631 | D:3      | Killed Natasha
  4105 | D:3      | Noticed Natasha
  4112 | D:3      | Killed Natasha
  5546 | D:4      | Noticed Menkaure
  5553 | D:4      | Killed Menkaure
  5554 | D:4      | Reached XP level 8. HP: 50/62 MP: 8/8
  5791 | D:4      | Noticed Pargi
  5820 | D:4      | Killed Pargi
  5821 | D:4      | Reached skill level 7 in Shields
  6101 | D:4      | Reached skill level 5 in Axes
  6503 | D:5      | Entered Level 5 of the Dungeon
  6567 | D:5      | Found a staircase to the Ecumenical Temple.
  6583 | Temple   | Entered the Ecumenical Temple
  6764 | Temple   | Became a worshipper of Gozag Ym Sagoz the Greedy
  7011 | D:4      | Reached skill level 8 in Shields
  7151 | D:5      | Mangled by an ogre

Illustrated notes

Levels and vault maps discovered:
D:1:      minmay_arrival_shattered_statue, layout_rooms,
          shapermc_ecumenical_altar_rom_forum
D:2:      layout_basic, uniq_sigmund
D:3:      layout_basic, uniq_natasha
D:4:      layout_basic, serial_co_window_serial, co_window_corner_a,
          co_window_paths_a, co_window_corner_a, co_window_paths_b,
          co_window_paths_b, co_window_paths_b, co_window_corner_b,
          co_window_broadway_a, co_window_corner_ca, glass_columns_a,
          uniq_pargi, uniq_menkaure
D:5:      minmay_recursive_quarters, layout_cave_pools, lemuel_tele_altar,
          minmay_temple_entry_junction, serial_park_tiny_pond, minmay_puff
Temple:   eino_narrow_crystal_temple

Skill      XL: |  1  2  3  4  5  6  7  8 |
---------------+-------------------------+-----
Fighting       | 4 5 |  5.0
Axes           | 3 4 5 |  5.6
Armour         | 4 5 6 |  6.7
Shields        | 5 6 8 |  8.0

Action                   |  1- 3 |  4- 6 |  7- 9 || total
-------------------------+-------+-------+-------++-------
Melee: War axe           |    55 |   108 |   258 ||   421
       Morningstar       |       |       |    11 ||    11
  Use: Potion            |       |       |     2 ||     2
Armor: Scale mail        |    41 |    39 |     5 ||    85
       Chain mail        |       |       |   131 ||   131
       Troll leather arm |       |       |    35 ||    35
Dodge: Dodged            |    57 |    60 |   122 ||   239
Block: Buckler           |    18 |    23 |    92 ||   133
